TOP OF THE 1ST |
Jackson Generals batting - Pitching for Birmingham Barons : LHP Carlos Toledo
|
Pitching: LHP Carlos Toledo
|
|
Batting: RHB Mike Conaway
|
0-0: Called Strike 0-1: Fly out, F4 (Flyball, 4MD, EV 92.5 MPH)
|
Batting: RHB Chris Olheiser
|
0-0: SINGLE (Line Drive, 6M, EV 99.4 MPH)
|
Batting: RHB Kinzo Yokoyama
|
0-0: SINGLE (Groundball, 56D, EV 97.5 MPH) (infield hit) Chris Olheiser to second
|
Batting: LHB Chris Jackson
|
0-0: Swinging Strike 0-1: Fielders Choice at 2nd, 6-4 (Groundball, 6, EV 99.4 MPH) Chris Olheiser to third
|
Batting: RHB Ryan Criollo
|
0-0: Foul Ball, location: 2F 0-1: Ball 1-1: Foul Ball, location: 2F 1-2: Ball 2-2: Ball 3-2: Ground out 6-3 (Groundball, 6S, EV 86.2 MPH)
|
Top of the 1st over - 0 runs, 2 hits, 0 errors, 2 left on base; Jackson 0 - Birmingham 0 |
BOTTOM OF THE 1ST |
Birmingham Barons batting - Pitching for Jackson Generals : RHP Jose Lomas
|
Pitching: RHP Jose Lomas
|
|
Batting: LHB Adam Tarbutton
|
0-0: Ball 1-0: Ground out 6-3 (Groundball, 4M, EV 95.0 MPH)
|
Batting: SHB Veit Geisler
|
0-0: Foul Ball, location: 2F 0-1: Foul Ball, location: 2F 0-2: Ball 1-2: Foul Ball, location: 2F 1-2: Foul Ball, location: 2F 1-2: Ground out U3 (Groundball, 3L, EV 85.0 MPH)
|
Batting: LHB Jason Bell
|
0-0: Ground out 4-3 (Groundball, 34, EV 106.9 MPH)
|
Bottom of the 1st over - 0 runs, 0 hits, 0 errors, 0 left on base; Jackson 0 - Birmingham 0 |
TOP OF THE 2ND |
Jackson Generals batting - Pitching for Birmingham Barons : LHP Carlos Toledo
|
Batting: LHB Jason Kinney
|
0-0: Swinging Strike 0-1: Ball 1-1: Ball 2-1: Ball 3-1: Foul Ball, location: 2F 3-2: Strikes out swinging
|
Batting: RHB Tai Joo
|
0-0: Called Strike 0-1: Ball 1-1: Called Strike 1-2: Strikes out swinging
|
Batting: RHB Jesus Santiago
|
0-0: Called Strike 0-1: Called Strike 0-2: Strikes out swinging
|
Top of the 2nd over - 0 runs, 0 hits, 0 errors, 0 left on base; Jackson 0 - Birmingham 0 |
BOTTOM OF THE 2ND |
Birmingham Barons batting - Pitching for Jackson Generals : RHP Jose Lomas
|
Batting: RHB Vic Lucatero
|
0-0: Ball 1-0: Ball 2-0: Ball 3-0: Base on Balls
|
Batting: LHB Larry Myers
|
0-0: Called Strike Vic Lucatero steals 2nd base 0-1: Ball 1-1: Swinging Strike 1-2: Ground out 6-3 (Groundball, 6, EV 81.9 MPH) Vic Lucatero to third
|
Batting: LHB Matt Hyde
|
0-0: Ball 1-0: Swinging Strike 1-1: Swinging Strike 1-2: Strikes out swinging
|
Batting: RHB Jose Medina
|
0-0: Ball 1-0: Ball 2-0: Foul Ball, location: 2F 2-1: SINGLE (Groundball, 56, EV 98.8 MPH) (infield hit) Vic Lucatero scores
|
Batting: SHB Matt Childers
|
0-0: Called Strike Jose Medina steals 2nd base 0-1: Called Strike 0-2: Ball 1-2: Ground out 6-3 (Groundball, 6, EV 98.8 MPH)
|
Bottom of the 2nd over - 1 run, 1 hit, 0 errors, 1 left on base; Jackson 0 - Birmingham 1 |
TOP OF THE 3RD |
Jackson Generals batting - Pitching for Birmingham Barons : LHP Carlos Toledo
|
Batting: LHB Brent Dutcher
|
0-0: Ball 1-0: Called Strike 1-1: Called Strike 1-2: Reached on error, E4 (Groundball, 4, EV 86.9 MPH)
|
Batting: RHB Mike Conaway
|
0-0: Fly out, F9 (Flyball, 9D, EV 101.2 MPH) Runner from 1st tags up, SAFE at 2nd
|
Batting: RHB Chris Olheiser
|
0-0: Ball 1-0: Ball 2-0: Ball 3-0: Base on Balls
|
Batting: RHB Kinzo Yokoyama
|
0-0: Called Strike 0-1: Ball 1-1: Swinging Strike 1-2: Foul Ball, location: 2F 1-2: Fly out, F2 (Popup, 2RF, EV 87.5 MPH)
|
Batting: LHB Chris Jackson
|
0-0: Foul Ball, location: 2F 0-1: Foul Ball, location: 2F 0-2: SINGLE (Line Drive, 8RS, EV 108.8 MPH) Brent Dutcher to third Chris Olheiser to second Runner from 3rd tries for Home, SAFE, throw by CF to home
|
Batting: RHB Ryan Criollo
|
0-0: Called Strike 0-1: Ball Wild Pitch! Chris Olheiser to third Chris Jackson to second 1-1: Ground out 5-3 (Groundball, 56, EV 86.2 MPH)
|
Top of the 3rd over - 1 run, 1 hit, 1 error, 2 left on base; Jackson 1 - Birmingham 1 |
BOTTOM OF THE 3RD |
Birmingham Barons batting - Pitching for Jackson Generals : RHP Jose Lomas
|
Batting: RHB Danny Heikkila
|
0-0: Ball 1-0: Foul Ball, location: 2F 1-1: Called Strike 1-2: Ball 2-2: Ball 3-2: Foul Ball, location: 2F 3-2: Strikes out looking
|
Batting: LHB Adam Tarbutton
|
0-0: Called Strike 0-1: Ball 1-1: Foul Ball, location: 2F 1-2: Ball 2-2: Ball 3-2: Foul Ball, location: 2F 3-2: Foul Ball, location: 2F 3-2: Foul Ball, location: 2F 3-2: SINGLE (Groundball, 4MS, EV 69.4 MPH) (infield hit)
|
Batting: SHB Veit Geisler
|
0-0: Ball Adam Tarbutton steals 2nd base 1-0: Ball 2-0: Ball 3-0: Called Strike 3-1: Foul Ball, location: 2F 3-2: Fly out, F7 (Line Drive, 7LM, EV 106.2 MPH)
|
Batting: LHB Jason Bell
|
0-0: Ball 1-0: Called Strike 1-1: Reached on error, E3 (Groundball, 34, EV 103.1 MPH) Adam Tarbutton scores
|
Batting: RHB Vic Lucatero
|
0-0: Ball 1-0: Swinging Strike 1-1: Ball 2-1: Ball 3-1: Base on Balls
|
Batting: LHB Larry Myers
|
0-0: Ball 1-0: Ball 2-0: Ball 3-0: Called Strike 3-1: Ground out U3 (Groundball, 3S, EV 88.1 MPH)
|
Bottom of the 3rd over - 1 run, 1 hit, 1 error, 2 left on base; Jackson 1 - Birmingham 2 |
TOP OF THE 4TH |
Jackson Generals batting - Pitching for Birmingham Barons : LHP Carlos Toledo
|
Batting: LHB Jason Kinney
|
0-0: Ball 1-0: Ball 2-0: Ball 3-0: Called Strike 3-1: Swinging Strike 3-2: Strikes out swinging
|
Batting: RHB Tai Joo
|
0-0: Swinging Strike 0-1: Ball 1-1: Foul Ball, location: 2F 1-2: Fly out, F9 (Flyball, 9, EV 93.8 MPH)
|
Batting: RHB Jesus Santiago
|
0-0: Ball 1-0: Ball 2-0: SINGLE (Line Drive, 9S, EV 103.1 MPH)
|
Batting: LHB Brent Dutcher
|
0-0: Ball 1-0: Called Strike 1-1: Called Strike 1-2: Strikes out looking
|
Top of the 4th over - 0 runs, 1 hit, 0 errors, 1 left on base; Jackson 1 - Birmingham 2 |
BOTTOM OF THE 4TH |
Birmingham Barons batting - Pitching for Jackson Generals : RHP Jose Lomas
|
Batting: LHB Matt Hyde
|
0-0: Called Strike 0-1: Ball 1-1: Ball 2-1: SINGLE (Groundball, 56S, EV 75.0 MPH) (infield hit)
|
Batting: RHB Jose Medina
|
0-0: Ball 1-0: Ball 2-0: Called Strike 2-1: Fielders Choice at 2nd, 4-6 (Groundball, 4, EV 103.1 MPH)
|
Now at SS: Jeff Cox
|
|
Batting: SHB Matt Childers
|
0-0: Called Strike Jose Medina steals 2nd base 0-1: Called Strike 0-2: Strikes out looking
|
Batting: RHB Danny Heikkila
|
0-0: Ball 1-0: Ball 2-0: Foul Ball, location: 2F 2-1: Called Strike 2-2: SINGLE (Groundball, 6M, EV 104.4 MPH) (infield hit) Jose Medina to third
|
Batting: LHB Adam Tarbutton
|
0-0: Ball 1-0: Ball 2-0: Foul Ball, location: 2F 2-1: DOUBLE (Flyball, 8RXD, EV 105.6 MPH) Jose Medina scores Danny Heikkila to third Runner from 3rd tries for Home, SAFE, throw by CF to trailing runner, SAFE at third!
|
Batting: SHB Veit Geisler
|
0-0: Ball 1-0: Ball 2-0: Called Strike 2-1: Ball 3-1: Called Strike 3-2: Base on Balls
|
Batting: LHB Jason Bell
|
0-0: Ball 1-0: Swinging Strike 1-1: Ground out 4-3 (Groundball, 13, EV 83.1 MPH)
|
Bottom of the 4th over - 2 runs, 3 hits, 0 errors, 2 left on base; Jackson 1 - Birmingham 4 |
TOP OF THE 5TH |
Jackson Generals batting - Pitching for Birmingham Barons : LHP Carlos Toledo
|
Batting: RHB Mike Conaway
|
0-0: Foul Ball, location: 2F 0-1: Ball 1-1: Ball 2-1: Swinging Strike 2-2: Foul Ball, location: 2F 2-2: Foul Ball, location: 2F 2-2: Fly out, F8 (Flyball, 8LXD, EV 102.5 MPH)
|
Batting: RHB Chris Olheiser
|
0-0: Swinging Strike 0-1: Foul Ball, location: 2F 0-2: Strikes out swinging
|
Batting: RHB Kinzo Yokoyama
|
0-0: Ball 1-0: SINGLE (Groundball, 25, EV 65.0 MPH) (infield hit)
|
Batting: LHB Chris Jackson
|
0-0: Ball 1-0: Ball 2-0: Foul Ball, location: 2F 2-1: Ball 3-1: Called Strike 3-2: Foul Ball, location: 2F 3-2: Foul Ball, location: 2F 3-2: Fly out, F8 (Flyball, 8LD, EV 75.6 MPH)
|
Top of the 5th over - 0 runs, 1 hit, 0 errors, 1 left on base; Jackson 1 - Birmingham 4 |
BOTTOM OF THE 5TH |
Birmingham Barons batting - Pitching for Jackson Generals : RHP Jose Lomas
|
Batting: RHB Vic Lucatero
|
0-0: Ball 1-0: Foul Ball, location: 2F 1-1: Fly out, F8 (Line Drive, 8RS, EV 95.6 MPH)
|
Pitching: RHP Rickey DuMire
|
|
Batting: LHB Larry Myers
|
0-0: Ball 1-0: TRIPLE (Flyball, 89XD, EV 103.1 MPH)
|
Batting: LHB Matt Hyde
|
0-0: Ball 1-0: Ball Wild Pitch! Larry Myers scores 2-0: Foul Ball, location: 2F 2-1: Ball 3-1: Foul Ball, location: 2F 3-2: Base on Balls
|
Batting: RHB Jose Medina
|
0-0: Ball 1-0: Foul Ball, location: 2F 1-1: Ball 2-1: Swinging Strike 2-2: Ball 3-2: Fielders Choice at 2nd, 4-6 (Groundball, 4, EV 87.5 MPH)
|
Batting: SHB Matt Childers
|
0-0: Called Strike Jose Medina steals 2nd base 0-1: Called Strike 0-2: Foul Ball, location: 2F 0-2: Foul Ball, location: 2F 0-2: Ball 1-2: DOUBLE (Groundball, 3L, EV 101.9 MPH) Jose Medina scores
|
Batting: RHB Danny Heikkila
|
0-0: Ball 1-0: Foul Ball, location: 2F 1-1: Foul Ball, location: 2F 1-2: Foul Ball, location: 2F 1-2: Ball 2-2: Ball 3-2: SINGLE (Line Drive, 3D, EV 106.2 MPH) Matt Childers to third
|
Batting: LHB Adam Tarbutton
|
0-0: Ball 1-0: Ground out 1-3 (Groundball, 15S, EV 65.6 MPH)
|
Bottom of the 5th over - 2 runs, 3 hits, 0 errors, 2 left on base; Jackson 1 - Birmingham 6 |
TOP OF THE 6TH |
Jackson Generals batting - Pitching for Birmingham Barons : LHP Carlos Toledo
|
Batting: RHB Ryan Criollo
|
0-0: Called Strike 0-1: Ground out 1-3 (Groundball, 15, EV 68.8 MPH)
|
Batting: LHB Jason Kinney
|
0-0: Swinging Strike 0-1: Ball 1-1: Foul Ball, location: 2F 1-2: Strikes out swinging, 2-3 out at first.
|
Batting: RHB Tai Joo
|
0-0: Fly out, F7 (Flyball, 7S, EV 84.4 MPH)
|
Top of the 6th over - 0 runs, 0 hits, 0 errors, 0 left on base; Jackson 1 - Birmingham 6 |
BOTTOM OF THE 6TH |
Birmingham Barons batting - Pitching for Jackson Generals : RHP Rickey DuMire
|
Batting: SHB Veit Geisler
|
0-0: Ball 1-0: Called Strike 1-1: Foul Ball, location: 2F 1-2: Ball 2-2: Fly out, F7 (Line Drive, 7S, EV 88.8 MPH)
|
Batting: LHB Jason Bell
|
0-0: Called Strike 0-1: Ball 1-1: Foul Ball, location: 2F 1-2: Strikes out swinging
|
Batting: RHB Vic Lucatero
|
0-0: Foul Ball, location: 2F 0-1: Swinging Strike 0-2: Strikes out swinging
|
Bottom of the 6th over - 0 runs, 0 hits, 0 errors, 0 left on base; Jackson 1 - Birmingham 6 |
TOP OF THE 7TH |
Jackson Generals batting - Pitching for Birmingham Barons : LHP Carlos Toledo
|
Batting: RHB Jesus Santiago
|
0-0: Called Strike 0-1: Ball 1-1: Ball 2-1: Called Strike 2-2: Foul Ball, location: 2F 2-2: Foul Ball, location: 2F 2-2: Foul Ball, location: 2F 2-2: Strikes out swinging
|
Pitching: RHP Toyotoshi Matsui
|
|
Batting: RHB Jeff Cox
|
0-0: Called Strike 0-1: Fly out, F9 (Line Drive, 9LM, EV 91.2 MPH)
|
Batting: RHB Mike Conaway
|
0-0: Called Strike 0-1: Foul Ball, location: 2F 0-2: Ball 1-2: Ball 2-2: Fly out, F6 (Popup, 56, EV 58.1 MPH)
|
Top of the 7th over - 0 runs, 0 hits, 0 errors, 0 left on base; Jackson 1 - Birmingham 6 |
BOTTOM OF THE 7TH |
Birmingham Barons batting - Pitching for Jackson Generals : RHP Rickey DuMire
|
Batting: LHB Larry Myers
|
0-0: Ball 1-0: Swinging Strike 1-1: Swinging Strike 1-2: Ball 2-2: Foul Ball, location: 2F 2-2: Foul Ball, location: 2F 2-2: Foul Ball, location: 2F 2-2: Ball 3-2: Foul Ball, location: 2F 3-2: Foul Ball, location: 2F 3-2: Foul Ball, location: 2F 3-2: Base on Balls
|
Pitching: RHP Bob Gilliam
|
|
Batting: LHB Matt Hyde
|
0-0: SINGLE (Groundball, 4M, EV 88.8 MPH) (infield hit) Larry Myers to second
|
Batting: RHB Jose Medina
|
0-0: Ball 1-0: Ball 2-0: Ball 3-0: Base on Balls Larry Myers to third Matt Hyde to second
|
Batting: SHB Matt Childers
|
0-0: Ball 1-0: Ground out 4-3 (Groundball, 4S, EV 66.9 MPH) Larry Myers scores Matt Hyde to third Jose Medina to second
|
Batting: RHB Danny Heikkila
|
0-0: Reached on error, E6 (Groundball, 6, EV 80.0 MPH) Matt Hyde scores Jose Medina to third
|
Batting: LHB Adam Tarbutton
|
0-0: Called Strike 0-1: Fielders Choice at 2nd, 6-4 (Groundball, 6, EV 86.2 MPH) Jose Medina scores
|
Pinch Hitting: SHB Jason Bresnahan
|
0-0: Called Strike 0-1: Called Strike 0-2: Ball 1-2: Ball 2-2: SINGLE (Line Drive, 4MD, EV 98.1 MPH) Adam Tarbutton to second Runner from 2nd tries for 3rd, SAFE, throw by CF made to third
|
Batting: LHB Jason Bell
|
0-0: Swinging Strike 0-1: Ball 1-1: Fly out, F7 (Flyball, 7, EV 95.6 MPH)
|
Bottom of the 7th over - 3 runs, 2 hits, 1 error, 2 left on base; Jackson 1 - Birmingham 9 |
TOP OF THE 8TH |
Jackson Generals batting - Pitching for Birmingham Barons : RHP Toyotoshi Matsui
|
Now at SS: Jason Bresnahan
|
|
Batting: RHB Chris Olheiser
|
0-0: Called Strike 0-1: Foul Ball, location: 2F 0-2: Ground out 4-3 (Groundball, 34, EV 110.6 MPH)
|
Batting: RHB Kinzo Yokoyama
|
0-0: SOLO HOME RUN (Line Drive, 8LXD, EV 115.0 MPH), Distance : 438 ft
|
Batting: LHB Chris Jackson
|
0-0: Swinging Strike 0-1: Called Strike 0-2: Ball 1-2: Ball 2-2: Foul Ball, location: 2F 2-2: Ball 3-2: Base on Balls
|
Batting: RHB Ryan Criollo
|
0-0: Ball 1-0: Fly out, F9 (Line Drive, 9LM, EV 111.2 MPH)
|
Batting: LHB Jason Kinney
|
0-0: Called Strike 0-1: Ball 1-1: Ball 2-1: Ball 3-1: Base on Balls Chris Jackson to second
|
Batting: RHB Tai Joo
|
0-0: Called Strike 0-1: Called Strike 0-2: Ground out 4-3 (Groundball, 4, EV 82.5 MPH)
|
Top of the 8th over - 1 run, 1 hit, 0 errors, 2 left on base; Jackson 2 - Birmingham 9 |
BOTTOM OF THE 8TH |
Birmingham Barons batting - Pitching for Jackson Generals : RHP Bob Gilliam
|
Pinch Hitting: RHB Tatsunori Hayakawa
|
0-0: Swinging Strike 0-1: Swinging Strike 0-2: Reached on error, E6 (Groundball, 6, EV 96.9 MPH)
|
Batting: LHB Larry Myers
|
0-0: Ball 1-0: Fly out, F8 (Flyball, 8RM, EV 82.5 MPH)
|
Pinch Hitting: LHB Alex Mendoza
|
0-0: Ball 1-0: Ball 2-0: Ball 3-0: Called Strike 3-1: Fielders Choice at 2nd, 4-6 (Groundball, 34, EV 106.9 MPH)
|
Batting: RHB Jose Medina
|
0-0: Ball 1-0: Ball Alex Mendoza steals 2nd base 2-0: SINGLE (Groundball, 6D, EV 106.2 MPH) Alex Mendoza to third Runner from 3rd tries for Home, SAFE, throw by CF to home
|
Pitching: LHP Chan-u Lee
|
|
Batting: SHB Matt Childers
|
0-0: Ball 1-0: Called Strike 1-1: Called Strike 1-2: Strikes out swinging, 2-3 out at first.
|
Bottom of the 8th over - 1 run, 1 hit, 1 error, 1 left on base; Jackson 2 - Birmingham 10 |
TOP OF THE 9TH |
Jackson Generals batting - Pitching for Birmingham Barons : RHP Toyotoshi Matsui
|
Now at 1B: Alex Mendoza
|
|
Now in LF: Herkko Haavikko
|
|
Now in RF: Larry Myers
|
|
Batting: RHB Jesus Santiago
|
0-0: Swinging Strike 0-1: Swinging Strike 0-2: SINGLE (Flyball, 9LM, EV 90.6 MPH)
|
Pitching: LHP Amari Miller
|
|
Batting: RHB Jeff Cox
|
0-0: Ball 1-0: Ball 2-0: Ball 3-0: Base on Balls Jesus Santiago to second
|
Batting: RHB Mike Conaway
|
0-0: Called Strike 0-1: Foul Ball, location: 2F 0-2: Ball 1-2: Strikes out looking
|
Batting: RHB Chris Olheiser
|
0-0: Called Strike 0-1: Called Strike 0-2: Ball 1-2: Strikes out swinging
|
Batting: RHB Kinzo Yokoyama
|
0-0: Ball 1-0: Fly out, F4 (Flyball, 34D, EV 92.5 MPH)
|
Top of the 9th over - 0 runs, 1 hit, 0 errors, 2 left on base; Jackson 2 - Birmingham 10 |
|